Cogmind - Beta 14 @@@ ROGUE MODE // 2025.04.23 @ 17:53:55 Player: LightKnight Result: Destroyed by EX-DEC with AWS/EX-DEC Performance ------------- Evolutions (0) 0 Regions Visited (3) 600 Robots Destroyed (2) 10 Value Destroyed (26) 26 Prototype IDs (23) 460 Alien Tech Used (0) 0 Bonus (229) 229 TOTAL SCORE: 1325 Bonus ------- Aligned with FarCom 300 Friendly Fire -71 Cogmind --------- Core Integrity 0/250 Matter 275/300 Energy 87/100 System Corruption 2% Temperature Cool (0) Movement Rolling (95) Ox1 Location -10/Exiles Parts ------- > --- POWER (1) -------- (None) > --- PROPULSION (2) --- Wheel > --- UTILITY (2) ------ Heat Sink Small Storage Unit > --- WEAPON (2) ------- AWS/Gauss > --- INVENTORY (8) ---- Large Matter Pod (140) Improved Light Cannon Improved Light Cannon Improved Light Cannon Heavy Hammer Peak State ------------ > --- POWER ------------ Ion Engine > --- PROPULSION ------- Light Treads Light Treads > --- UTILITY ---------- Heat Sink Small Storage Unit > --- WEAPON ----------- AWS/Gauss > --- INVENTORY -------- Wheel Wheel Improved Light Cannon Improved Light Cannon Improved Light Cannon Heavy Hammer [Rating: 22] Favorites ----------- Power Ion Engine Engine Ion Engine Propulsion Light Treads Treads Light Treads Leg Aluminum Leg Wheel Wheel Utility Small Storage Unit Device Heat Sink Storage Small Storage Unit Weapon Improved Light Cannon Energy Gun EM Pulse Gun Ballistic Gun AWS/Gauss Ballistic Cannon Improved Light Cannon Impact Weapon Heavy Hammer Build | -11 -10 -10 -10 ------- Run | Yrd Mat Min Exi Slots Evolved . | . . . . Power . | . . . . Propulsion . | . . . . Utility . | . . . . Weapon . | . . . . Parts Attached 13 | 1 3 4 5 Power 1 | . . 1 . Engine 1 | . . 1 . Core . | . . . . Reactor . | . . . . Propulsion 4 | . . 2 2 Treads 2 | . . 2 . Leg . | . . . . Wheel 2 | . . . 2 Hover . | . . . . Flight . | . . . . Utility 1 | . 1 . . Device 1 | . 1 . . Storage . | . . . . Processor . | . . . . Hackware . | . . . . Protection . | . . . . Artifact . | . . . . Weapon 7 | 1 2 1 3 Energy Gun . | . . . . Energy Cannon . | . . . . Ballistic Gun 3 | 1 . . 2 Ballistic Cannon 3 | . 2 1 . Launcher . | . . . . Special Weapon . | . . . . Impact Weapon 1 | . . . 1 Slashing Weapon . | . . . . Piercing Weapon . | . . . . Special Melee Weapon . | . . . . Unidentified Prototypes . | . . . . Parts Lost 7 | . . 4 3 Power 2 | . . 1 1 Propulsion 4 | . . 2 2 Utility . | . . . . Weapon 1 | . . 1 . Highest Loss Streak 3 | . . 3 3 To Critical Strikes . | . . . . Average Slot Usage (%) 93 | . 90 98 89 Engine 13 | . 14 13 13 Treads 17 | . . 14 27 Leg 10 | . 28 12 . Device 12 | . 5 14 14 Storage 14 | . 14 14 14 Ballistic Gun 3 | . 2 . 7 Ballistic Cannon 20 | . 23 28 11 Peak Build Rating 22 | 6 10 10 22 Average Rating 12 | 6 8 9 16 On Entrance 7 | 6 6 10 9 Naked Turns . | . . . . Heaviest Build 21 | 14 19 19 21 Greatest Support 40 | 20 20 40 40 Greatest Overweight (x) 2 | . . . 2 Average Overweight (x) . | . . . . Largest Inventory Capacity 8 | 8 8 8 8 Average Capacity 8 | 8 8 8 8 Most Carried 8 | 6 8 8 7 Average Carried 6 | 6 7 6 5 Final Capacity 8 | 8 8 8 8 Final Carried 8 | 6 8 4 5 Class Distribution -------------------- 100% | Mutant Dominant Class ---------------- Mutant | -10/Materials Mutant | -10/Mines Mutant | -10/Exiles Resources | -11 -10 -10 -10 ----------- Run | Yrd Mat Min Exi Matter Collected 359 | 210 30 109 10 Remotely . | . . . . Salvage Created 83 | . 25 20 38 Parts 7 | . 6 . 1 Haulers Intercepted . | . . . . Recyclers Shooed . | . . . . Parts Field Recycled . | . . . . Retrieved Matter . | . . . . Parts Self-Destructed . | . . . . Prevented . | . . . . Kills | -11 -10 -10 -10 ------- Run | Yrd Mat Min Exi Combat Hostiles Destroyed 3 | . 1 2 . Cannons 3 | . 1 2 . Classes Destroyed 3 | . 2 1 . Watcher 1 | . 1 . . Swarmer 1 | . 1 . . Assembled 2 | . . 2 . Best Kill Streak 2 | . 2 2 . Combat Bots Only 2 | . 1 2 . Max Kills in Single Turn 1 | . 1 1 . Gunslinging . | . . . . Exploded . | . . . . Melee . | . . . . Uniques/NPCs Destroyed . | . . . . Combat | -11 -10 -10 -10 -------- Run | Yrd Mat Min Exi Hostile Shots Fired 56 | . 12 18 26 Missed 17 | . 7 3 7 Damage Taken 1239 | . 80 639 520 Core 256 | . . 98 158 Absorbed by Shields . | . . . . Core Remaining (%) 100 | 100 . . . Volleys Fired 12 | . 3 9 . Largest 2 | . 2 2 . Hottest 78 | . 78 78 . Shots Fired 25 | . 6 17 2 Gun 2 | . . . 2 Cannon 23 | . 6 17 . Launcher . | . . . . Special . | . . . . Kinetic 25 | . 6 17 2 Thermal . | . . . . Explosive . | . . . . Electromagnetic . | . . . . Robot Hit Streak 4 | . 1 3 4 Robot Miss Streak 2 | . 2 2 . Penetration Max . | . . . . Secondary Targets . | . . . . Autonomous 2 | . . . 2 Shots Hit Robots 15 | . 2 10 3 Core Hits 7 | . 2 3 2 Critical Kills . | . . . . Critical Parts Destroyed 1 | . . . 1 Critical Strikes 1 | . . . 1 Smash 1 | . . . 1 Melee Attacks 1 | . . . 1 Impact 1 | . . . 1 Slashing . | . . . . Piercing . | . . . . Sneak Attacks . | . . . . Combat Hostiles . | . . . . Follow-up Attacks . | . . . . Damage Inflicted 372 | . 47 215 110 Guns 39 | . . . 39 Cannons 259 | . 47 212 . Explosions . | . . . . Melee 71 | . . . 71 Ramming 3 | . . 3 . Kinetic 298 | . 47 212 39 Thermal . | . . . . Explosive . | . . . . Electromagnetic . | . . . . Impact 71 | . . . 71 Slashing . | . . . . Piercing . | . . . . Highest Corruption 2 | . . . 2 Average Corruption 1 | . . . 1 Corruption Purged . | . . . . Corruption Blocked . | . . . . Overload Shots . | . . . . Overflow Damage 102 | . . 31 71 Projectiles 31 | . . 31 . Explosions . | . . . . Melee 71 | . . . 71 Knockbacks 2 | . . 2 . Impact . | . . . . Kinetic 2 | . . 2 . Secondary . | . . . . Self-Inflicted Damage . | . . . . Shots . | . . . . Rammed 1 | . . 1 . Targets Rammed 2 | . . 2 . Kicked 1 | . . 1 . Crushed . | . . . . Highest Temperature 2 | . 2 . . Average Temperature 2 | . 2 . . Received Heat Transfer 38 | . 18 . 20 Siege Activations . | . . . . Robots Corrupted 1 | . . . 1 Combat Hostiles . | . . . . Parts Fried 2 | . . . 2 Impact Corruptions 2 | . . . 2 Robots Melted . | . . . . Combat Hostiles . | . . . . Parts Melted . | . . . . Heat Transferred . | . . . . Parts Sabotaged . | . . . . Parts Stolen . | . . . . Parts Stripped . | . . . . Power Chain Reactions . | . . . . Alert | -11 -10 -10 -10 ------- Run | Yrd Mat Min Exi Peak Influence 68 | . 68 26 . Initial 26 | . . 26 . Average 11 | . 12 11 . Maximum Alert Level . | . . . . Low Security (%) 100 | 100 100 100 . Level 1 . | . . . . Level 2 . | . . . . Level 3 . | . . . . Level 4 . | . . . . Level 5 . | . . . . High Security . | . . . . Max Security . | . . . . Squads Dispatched 3 | . 3 . . Investigation 2 | . 2 . . Extermination . | . . . . Reinforcement 1 | . 1 . . Assault . | . . . . Garrison . | . . . . Intercept . | . . . . Searches Triggered . | . . . . Construction Impeded . | . . . . Haulers Reinforced . | . . . . Active Scanning Responses . | . . . . Cargo Convoy Interrupts . | . . . . Stealth | -11 -10 -10 -10 --------- Run | Yrd Mat Min Exi Distress Signals 2 | . 2 . . Communications Jammed . | . . . . Distress Signals . | . . . . Times Spotted 29 | . 9 13 7 Peak Tracking Total 13 | . 6 9 13 Tactical Retreats 2 | . . 2 . Traps | -11 -10 -10 -10 ------- Run | Yrd Mat Min Exi Traps Triggered 1 | . 1 . . Indirectly . | . . . . Trap Hack Attempts . | . . . . Triggered . | . . . . Disarmed . | . . . . Reprogrammed 3 | . 3 . . Reused 1 | . 1 . . Traps Extracted . | . . . . Installed . | . . . . Triggered 1 | . 1 . . Machines | -11 -10 -10 -10 ---------- Run | Yrd Mat Min Exi Machines Disabled 1 | . . . 1 Max in Single Turn 1 | . . . 1 Machines Repaired . | . . . . Machines Dismantled . | . . . . Machines Sabotaged . | . . . . Overloaded Fab Kills . | . . . . Hacking | -11 -10 -10 -10 --------- Run | Yrd Mat Min Exi Machines Accessed 3 | . 2 . 1 Terminals 2 | . 2 . . Fabricators . | . . . . Repair Stations . | . . . . Recycling Units . | . . . . Scanalyzers . | . . . . Garrison Access . | . . . . Total Hacks 6 | . 5 . 1 Successful 2 | . 1 . 1 Failed 4 | . 4 . . Catastrophic 1 | . 1 . . Database Lockouts . | . . . . Manual 3 | . 2 . 1 Terminals 5 | . 5 . . Fabricators . | . . . . Repair Stations . | . . . . Recycling Units . | . . . . Scanalyzers . | . . . . Garrison Access . | . . . . Terminal Hacks 2 | . 1 . 1 Reprogram Traps 1 | . 1 . . Derelict Proto ID Bank 1 | . . . 1 Fabricator Hacks . | . . . . Repair Station Hacks . | . . . . Recycling Unit Hacks . | . . . . Scanalyzer . | . . . . Garrison Access Hacks . | . . . . Unauthorized Hacks . | . . . . Terminals . | . . . . Fabricators . | . . . . Repair Stations . | . . . . Recycling Units . | . . . . Scanalyzers . | . . . . Garrison Access . | . . . . Data Cores Recovered . | . . . . Used . | . . . . Hacking Detections 2 | . 2 . . Full Trace Events . | . . . . Feedback Events . | . . . . Feedback Blocked . | . . . . Robot Schematics Acquired . | . . . . Robots Built . | . . . . Authchips . | . . . . Time . | . . . . Total Robot Build Rating . | . . . . Part Schematics Acquired . | . . . . Parts Built . | . . . . Authchips . | . . . . Time . | . . . . Total Part Build Rating . | . . . . Parts Repaired . | . . . . Time . | . . . . Parts Recycled . | . . . . Recycled Matter . | . . . . Retrieved Matter . | . . . . Retrieved Components . | . . . . Parts Scanalyzed . | . . . . Part Schematics Acquired . | . . . . Parts Damaged . | . . . . Bothacking | -11 -10 -10 -10 ------------ Run | Yrd Mat Min Exi Used RIF Installer . | . . . . Robots Hacked . | . . . . Non-combat . | . . . . Combat . | . . . . Robot Hacks Applied . | . . . . Relay Couplers Released . | . . . . Fabnet Peak Effective % . | . . . . Robots Rewired . | . . . . Allies Hacked . | . . . . Hacks Repelled . | . . . . Allies | -11 -10 -10 -10 -------- Run | Yrd Mat Min Exi Total Allies . | . . . . Largest Group . | . . . . Highest-Rated Group . | . . . . Highest-Rated Ally . | . . . . Total Orders . | . . . . Ally Attacks . | . . . . Total Damage . | . . . . Kills . | . . . . Allies Corrupted . | . . . . Allies Melted . | . . . . Intel | -11 -10 -10 -10 ------- Run | Yrd Mat Min Exi Robot Analysis Total . | . . . . Derelict Logs Recovered . | . . . . Drone Launches . | . . . . Drone Recoveries . | . . . . Exploration | -11 -10 -10 -10 ------------- Run | Yrd Mat Min Exi Turns Passed 1215 | 9 217 510 479 Spaces Moved 788 | 7 159 325 297 Core . | . . . . Treads 429 | . . 145 284 Legs 346 | 7 159 180 . Wheels 13 | . . . 13 Hover . | . . . . Flight . | . . . . Fastest Speed 95 | 120 120 120 95 Average Speed 141 | 120 120 137 157 Slowest Speed 160 | 120 120 160 160 Overloaded Moves . | . . . . Propulsion Burnouts . | . . . . Robots Hopped . | . . . . Cave-ins Triggered . | . . . . Exploration Rate (%) 39 | 2 37 55 62 Regions Visited 3 Branch Regions 2 Pre-discovered Areas . | . . . . Known Exits Taken . | . . . . Unknown Exits Taken 3 | 1 1 1 . Scrap Searched 1 | . . 1 . Spaces Dug . | . . . . Terrain Destroyed 4 | . . 4 . Melee . | . . . . Projectile 4 | . . 4 . AOE . | . . . . Terrain Rammed . | . . . . Walls Destroyed . | . . . . Machines Disabled . | . . . . Actions | -11 -10 -10 -10 --------- Run | Yrd Mat Min Exi Total 863 | 7 179 369 308 Wait 37 | . 7 30 . Move 785 | 6 158 324 297 Hop . | . . . . Pick Up 5 | . 4 . 1 Fast Attach 5 | . 3 . 2 Attach 7 | . . 4 3 Detach 3 | . . . 3 Swap 1 | 1 . . . Drop 5 | . 4 . 1 Fire 12 | . 3 9 . Melee 1 | . . . 1 Ram . | . . . . Kick 1 | . . 1 . Crush 1 | . . 1 . Escape Stasis . | . . . . Rewire . | . . . . Trap . | . . . . Miscellaneous . | . . . . Route ------- -11/Scrapyard -10/Materials -10/Mines (discovered 2 exits: [*Mat] / *Exi) -10/Exiles History --------- Turn | Location | Event 3 | -11/Scrapyard | Discovered new exit (range 3) 10 | -11/Scrapyard | Entered Materials 221 | -10/Materials | Discovered new exit (range 6) 227 | -10/Materials | Entered Mines 300 | -10/Mines | Build established: Mutant 400 | -10/Mines | Discovered new exit (range 9) 424 | -10/Mines | Assembled infested the area 487 | -10/Mines | Lost 3 parts (2n1w) 729 | -10/Mines | Deemed a non-threat by the Exiles lab entrance 730 | -10/Mines | Discovered new exit (range 5) 737 | -10/Mines | Entered Exiles 777 | -10/Exiles | Met 8R-AWN 801 | -10/Exiles | Met EX-HEX 848 | -10/Exiles | Met EX-BIN 872 | -10/Exiles | Aligned with FarCom system 873 | -10/Exiles | Given EX-Vault access code 920 | -10/Exiles | Opened EX-Vault 927 | -10/Exiles | Found AWS/Gauss 962 | -10/Exiles | Warned to stay clear of 0b10 Research branches 1010 | -10/Exiles | Met EX-DEC 1195 | -10/Exiles | Attacked by the Exiles 1202 | -10/Exiles | Core integrity fell below 50% 1206 | -10/Exiles | Core integrity fell below 20% 1216 | -10/Exiles | Destroyed by EX-DEC with AWS/EX-DEC Last Messages --------------- 01189_ Dropped AWS/Gauss. 01194_ Sneak attack on A-02 Transporter. 01194_ A-02 Transporter suffers critical hit (Smash). 01194_ Destroyed Lgt. Treads. 01194_ Destroyed Ion Engine. 01194_ A-02 Transporter system corrupted by crushing effect. 01195_ A-02 Transporter system terminally corrupted. 01195_ Transport Network Coupler fried. 01195_ Weight Redist. System fried. 01195_ EXILES: Hostile robot within lab perimeter. Defensive protocols time, folks! 01197_ EX-DEC: "Let's see what this bad boy can do..." 01199_ Lgt. Treads blasted off. 01200_ Acquired AWS/Gauss. 01203_ Ion Engine destroyed. 01203_ Knocked back. 01207_ Lgt. Treads destroyed. 01209_ Slug penetrates DAS Turret. 01211_ EX-BIN: "I just want to science!" 01214_ Wheel destroyed. Map ----- +----------------------------------------------------+ | ??????????## | | ???????????##" | | ????????????#""" """""" | | ???????????##" ######""" | | ???????????#"" ""##????#####""" | | ??????????##""" """##?????????##""" | | ??????????#""" """##???????????#"""" | | ??????????#""" ""#????????????#"" | | ??????????#"" ########???###"""" | | ??????????#""" ##% ####""" | | ??????????#"" ! """" | | ??????????##"" = | | ???????????#"""" | | ???????????## c % | | ????????????#" % % " "" | | ????????????#"""" ""## ##""" " " " | | ????????????#"" % ""#### #??###""" "" | | ????????????#" " ""##??# #???????""?? | | ????????????#""" c """#??## ####???????? | | ????????????## a""##??#! "!#???????? | | ?????????????#"" "a"##???#" #???????? | | ?????????????##""" ##????#" "#???????? | | ??????????????##"""" a%##?????#!!""!"#???????? | | ????????????????## a #??????########???????? | | ?????????????????##### ##?????????????????????? | | ?????????????????????## @#??????????????????????? | | ??????????????????????# #??????????????????????? | | ??????????????????????# #??????????????????????? | | ??????????????????????# #??????????????????????? | | ??????????????????????# #??????????????????????? | | ??????????????????????# #??????????????????????? | | ??????????????????????# #??????????????????????? | | ??????????????????????# #??????????????????????? | | ??????????????????????# #??????????????????????? | | ??????????????????????# c ???????????????????????? | | ??????????????????????# ???????????????????????? | | ??????????????????????" ???????????????????????? | | ?????????????????????? ???????????????????????? | | ?????????????????????? ???????????????????????? | | ?????????????????????? ???????????????????????? | | ??????????????????????? ???????????????????????? | | ?????????????????????????????????????????????????? | | ?????????????????????????????????????????????????? | | ?????????????????????????????????????????????????? | | ?????????????????????????????????????????????????? | | ?????????????????????????????????????????????????? | | ?????????????????????????????????????????????????? | | ?????????????????????????????????????????????????? | | ?????????????????????????????????????????????????? | | ?????????????????????????????????????????????????? | +----------------------------------------------------+ Best States ------------- Heat Dissipation 35 Energy Generation 10 Energy Capacity 250 Matter Stores 300 Matter Capacity 300 Sight Range 16 Terrain Scan Density 10 Evasion (%) 55 Recoil Reduction 2 Item Schematics ----------------- None Robot Schematics ------------------ None Fabricated ------------ Nothing Alien Tech Used ----------------- None Achievements -------------- None Challenges ------------ None Game ------ Seed ThiefMinesnifferAnalyzer Manual? 0 Play Time 00:09:38 Cumulative 242.3 hours Start 2025.04.23 @ 17:26:41 End 2025.04.23 @ 17:53:55 Sessions 5 Manual Loads 0 Difficulty Rogue Special Mode None Game No. 174 Rogue 174 Adventurer 0 Explorer 0 Win Type - Total 18 Types 15/0/1/2/0/0/0/0/0 Lore% 83 Gallery% 75 Achievement% 61 Wizard Run 0 Options --------- Layout 0 ASCII 1 Keyboard 1 Movement Arrows Keybinds 0 Fullscreen 1 Font 18/Terminus Map View 76x50 Zoom Use 0% Tactical HUD 1 Map Filters NONE Filters NONE Steam 1 RUN: 1914db7c-09c2-46b0-b37c-a771b0c26251